[Event "*** Titled Tuesday Blitz"]
[Site "Chess.com"]
[Date "2020.04.14"]
[Round "3"]
[White "sganerdene"]
[Black "Indianlad"]
[Result "0-1"]
[WhiteElo "2680"]
[BlackElo "2970"]
[TimeControl "180+1"]
[EndTime "10:29:23 PDT"]
[Termination "Indianlad won by resignation"]

1. e4 c5 2. Nf3 d6 3. d4 cxd4 4. Nxd4 Nf6 5. Nc3 a6 6. Be3 e5 7. Nb3 Be6 8. h3 b5 9. Qf3 b4 10. Nd5 Bxd5 11. exd5 Nbd7 12. O-O-O a5 13. Bb5 a4 14.
Nd2 Be7 15. Bc6 O-O 16. g4 e4 17. Nxe4 Ne5 18. Nxf6+ Bxf6 19. Qe4 b3 20. Bxa8 Qxa8 21. cxb3 axb3 22. a3 Nc4 23. Bd4 Rc8 24. Kb1 Nxa3+ 25. bxa3 Qxa3 26. Rd2 b2 27. Rxb2 Ra8 28. Bxf6 gxf6 29.
Rb4 Qa2+ 30. Kc1 Rc8+ 31. Kd1 Qxf2 32. Qf5 Qc5 33. Rb1 Qd4+ 34. Ke2 Re8+ 35. Kf1 Re4 36. Kg2 Re2+ 37. Kg3 Re5 38. Rb8+ Kg7 39. Qf2 Re3+ 40.
Kg2 Qe4+ 41. Kg1 Re1+ 42. Qxe1 Qxe1+ 43. Kg2 Qe2+ 44. Kg3 Qe3+ 45. Kg2 Qe4+ 46. Kg3 Qe5+ 47. Kg2 Qe4+ 48. Kh2 Qe5+ 49. Kg2 Qxd5+ 50. Kh2 Qe5+ 51. Kg2 Qe4+ 52. Kh2 Qe2+ 53. Kg3 d5 54. Rhb1 d4 55. R8b2 Qe3+ 56. Kg2 Qe4+ 57. Kf2 d3 58. Kg3 Qe3+ 59. Kh2 d2 60. Kg2 Qe2+ 61. Kg3 d1=Q 62. Rxe2 Qxe2 0-1

[Event "*** Titled Tuesday Blitz"]
[Site "Chess.com"]
[Date "2020.04.14"]
[Round "3"]
[White "Maghalashvili"]
[Black "Disturbed01"]
[Result "0-1"]
[WhiteElo "2865"]
[BlackElo "2684"]
[TimeControl "180+1"]
[EndTime "10:29:25 PDT"]
[Termination "Disturbed01 won by resignation"]

1. Nf3 Nf6 2. g3 g6 3. Bg2 Bg7 4. b3 O-O 5. Bb2 d6 6. d4 b5 7. O-O Bb7 8. c4 a6 9. Nc3 bxc4 10. bxc4 Nbd7 11. Rb1 Rb8 12. Qc2 Re8 13. e4 e5 14.
dxe5 Nxe5 15. Nxe5 dxe5 16. Rfd1 Qe7 17. Nd5 Bxd5 18.
cxd5 Rb6 19. Rbc1 Reb8 20. Bc3 Ne8 21. Ba5 Rb2 22. Qa4 Bh6 23. Rc2 Rb1 24. Rxb1 Rxb1+ 25. Bf1 Kg7 26. Kg2 Nd6 27. Rxc7 Qf6 28. Bxa6 Bg5 29.
Rc6 Rb2 30. Rc2 Rb1 31. Be2 h5 32. h4 Bxh4 33. gxh4 Qxh4 34. Rc1 Rxc1 35. Bd1 Nxe4 36.
Be1 Qg5+ 37. Kf1 Nd2+ 38. Ke2 Nb1 39. Qe4 Nc3+ 40. Bxc3 Rxc3 41. d6 Rc8 42. d7 Rd8 43.
Ba4 Qf4 44. Qc6 h4 45. Qc7 Qf6 46. Bc6 h3 47. a4 h2 48. a5 e4 49. Bxe4 Qe7 50. Kf3 Rxd7 51. Qxh2 f5 52. Bc2 Qc5 53. Bb3 Rd3+ 54. Kg2 Rxb3 55. Qh4 Qd5+ 56. Kh2 Qe5+ 57. Kg2 Qe4+ 58. Qxe4 fxe4 59. Kh2 Ra3 60. Kg2 Rxa5 0-1

[Event "*** Titled Tuesday Blitz"]
[Site "Chess.com"]
[Date "2020.04.14"]
[Round "3"]
[White "Bigfish1995"]
[Black "Sid_98"]
[Result "1-0"]
[WhiteElo "3097"]
[BlackElo "2711"]
[TimeControl "180+1"]
[EndTime "10:29:26 PDT"]
[Termination "Bigfish1995 won on time"]

1. d4 d5 2. c4 c6 3. Nf3 Nf6 4. Nbd2 e6 5. g3 Nbd7 6. Bg2 Be7 7. O-O O-O 8. b3 b6 9. Bb2 Bb7 10. Qc2 c5 11. Rfd1 Rc8 12. Rac1 Qc7 13. cxd5 Nxd5 14.
e4 Nb4 15. Qb1 Qb8 16. a3 Na6 17. d5 exd5 18. exd5 Bxd5 19. Nc4 Nc7 20. Rxd5 Nxd5 21. Qe4 N7f6 22. Bxf6 Bxf6 23. Qxd5 Rcd8 24. Qf5 Rfe8 25. h4 h6 26. a4 Re7 27. Qc2 Qc7 28. Ne3 Rxe3 29.
fxe3 Qxg3 30. Qf2 Qg4 31. Rc4 Rd1+ 32. Kh2 Qe6 33. Qc2 Be5+ 34. Nxe5 Qxe5+ 35. Rf4 Qxe3 36. Re4 Qg1+ 37. Kh3 Rd8 38. Qe2 g6 39. Qf3 Qc1 40. Re7 Rf8 41. Qf6 Qd2 42. Bf1 Qd5 43.
Bc4 Qh1+ 44. Kg3 Qg1+ 45. Kf3 Qh1+ 46. Ke2 Qg2+ 47. Ke1 Qg1+ 48. Ke2 Qg2+ 49. Ke3 Qg3+ 50. Kd2 Rd8+ 51. Kc2 Qg2+ 52. Re2 1-0

[Event "*** Titled Tuesday Blitz"]
[Site "Chess.com"]
[Date "2020.04.14"]
[Round "3"]
[White "Savagelittlemole"]
[Black "imdvb6307"]
[Result "1-0"]
[WhiteElo "2610"]
[BlackElo "2382"]
[TimeControl "180+1"]
[EndTime "10:29:27 PDT"]
[Termination "Savagelittlemole won on time"]

1. e4 e5 2. Nf3 Nf6 3. Nxe5 d6 4. Nf3 Nxe4 5. Nc3 Nf6 6. d4 Be7 7. h3 O-O 8. Bd3 d5 9. Be3 Nc6 10. Qd2 Nb4 11. Be2 Bf5 12. Rc1 Ne4 13. Nxe4 dxe4 14.
Nh2 Nxa2 15. Ra1 Nb4 16. O-O c5 17. Ng4 cxd4 18. Bxd4 Nxc2 19. Qxc2 Qxd4 20. Ne3 Be6 21.
Ra4 Qe5 22. Rxe4 Qc5 23. Qb1 Rac8 24. b4 Qc6 25. b5 Qc5 26. Bd3 Rfd8 27. Rxe6 fxe6 28.
Bxh7+ Kh8 29. Bg6 Qg5 30. Qe4 Rc5 31. Ng4 Rxb5 32. f4 Qd5 33. Qe2 Bf6 34. Nxf6 Qd4+ 35. Kh1 Qxf6 36. Qxb5 Qxg6 37. Qxb7 Rd2 38. Qf3 Rd3 39.
Qa8+ Kh7 40. Qxa7 Rd2 41. Qb7 Qd3 42. Qf3 Qc2 43. Qh5+ Kg8 44. Qe8+ Kh7 45. Qh5+ Kg8 46. Qg4 Qc4 47. Ra1 Qd5 48. Re1 Kh7 49. Qh4+ Kg6 50. Qg4+ Kf7 51. Rf1 Qd3 52. Qf3 Qxf3 53. Rxf3 g6 54.
Kh2 Kf6 55. Kg3 Ra2 56. Kg4 e5 57. fxe5+ Kxe5 58. g3 Ra6 59. Kg5 Ke4 60. Rf4+ 1-0

[Event "*** Titled Tuesday Blitz"]
[Site "Chess.com"]
[Date "2020.04.14"]
[Round "3"]
[White "Vesper2018"]
[Black "Gerasimenyuk_Miha"]
[Result "1/2-1/2"]
[WhiteElo "1848"]
[BlackElo "2493"]
[TimeControl "180+1"]
[EndTime "10:29:27 PDT"]
[Termination "Game drawn by repetition"]

1. e4 c6 2. d4 d5 3. e5 c5 4. c3 Nc6 5. Be2 cxd4 6. cxd4 Bf5 7. Nf3 e6 8. O-O h5 9. a3 Nh6 10. b4 Be7 11. Nc3 Bg4 12. Be3 Bxf3 13. Bxf3 Nf5 14. Qd3 g6 15. Rac1 O-O 16. Na4 Rc8 17. Nc5 b6 18.
Na6 Bg5 19. Rc3 Bxe3 20. fxe3 Nce7 21. Rfc1 Rxc3 22. Qxc3 Qd7 23. Qc7 Qa4 24. Qxa7 Qxa3 25. Re1 Qc3 26. Kf2 Rc8 27. Qxb6 Qb2+ 28. Re2 Rc2 29. Qb5 Nxe3 30. Qe8+ Kg7 31. Qxe7 Rxe2+ 32. Bxe2 Qxd4 33. Qf6+ Kg8 34. Ke1 Nxg2+ 35. Kf1 Ne3+ 36. Ke1 Nc2+ 37. Kf1 Qd2 38. Qd8+ Kh7 39. Qf6 Ne3+ 40. Kg1 Qe1+ 41. Bf1 Kg8 42. b5 Ng4 43. Qf3 Qd2 44. Qg3 Qd4+ 45. Kh1 Qe4+ 46. Qg2 Qd4 47. Qg3 Nf2+ 48.
Kg2 Ne4 49. Qf3 Qxe5 50. b6 Qb2+ 51. Qe2 Qxb6 52. h3 Nf6 53. Qd3 Ne4 54. Qe2 Qb3 55. Qd3 Qa2+ 56. Qe2 Qa3 57. Qd3 Qd6 58. Qf3 Qb6 59.
Qe2 1/2-1/2

[Event "*** Titled Tuesday Blitz"]
[Site "Chess.com"]
[Date "2020.04.14"]
[Round "3"]
[White "Carnivoras"]
[Black "kingandqueen2017"]
[Result "1-0"]
[WhiteElo "2646"]
[BlackElo "2303"]
[TimeControl "180+1"]
[EndTime "10:29:28 PDT"]
[Termination "Carnivoras won by checkmate"]

1. d4 Nf6 2. Nf3 d5 3. Bg5 Ne4 4. Bh4 c5 5. c3 Nc6 6. e3 Qb6 7. Qc1 Bf5 8. Nbd2 e6 9. Be2 Be7 10. Bxe7 Nxe7 11. O-O O-O 12. Nxe4 Bxe4 13. Nd2 Bg6 14.
dxc5 Qxc5 15. b4 Qb6 16. Qb2 a5 17. b5 Rac8 18. c4 Rfd8 19. Rac1 h6 20. cxd5 exd5 21. Nf3 Bh5 22. Nd4 Bxe2 23. Qxe2 Rxc1 24. Rxc1 Rc8 25. Rxc8+ Nxc8 26. h3 Qc5 27. Qg4 Nd6 28. Kh2 g6 29. Qd7 a4 30. Qd8+ Kh7 31. Qe7 Qb4 32. Qf6 a3 33. Qe7 Qc5 34. Ne6 Qb4 35. Nd8 Qc5 36. Nxf7 Ne4 37. Qe8 Kg7 38. Nd8 Qd6+ 39. Kg1 Qf6 40.
Ne6+ Kh7 41. Nf8+ Kg7 42. Ne6+ Kh7 43. Qd7+ Kg8 44. Nf4 g5 45. Qxd5+ Kg7 46. Qxb7+ Qf7 47. Qxf7+ Kxf7 48. Ne2 Ke6 49. Nd4+ Kd5 50. Nc2 Nc3 51. Nxa3 Nxa2 52. Nc2 Nc3 53. Nd4 Ke4 54. b6 Nd5 55. b7 Nxe3 56. fxe3 Kxe3 57. Nf5+ Kf4 58. Nxh6 Ke5 59. Ng4+ Kf4 60. b8=Q+ Ke4 61. Qe5+ Kd3 62. Nf2+ Kc2 63. Qd4 Kb3 64. Qc5 Ka2 65. Nd3 Kb3 66.
Qc1 Ka2 67. Qb2# 1-0

[Event "*** Titled Tuesday Blitz"]
[Site "Chess.com"]
[Date "2020.04.14"]
[Round "3"]
[White "jerry_77"]
[Black "MikeKorovin"]
[Result "1-0"]
[WhiteElo "2459"]
[BlackElo "2710"]
[TimeControl "180+1"]
[EndTime "10:29:28 PDT"]
[Termination "jerry_77 won by checkmate"]

1. e4 e6 2. Nf3 d5 3. Nc3 Nf6 4. e5 Nfd7 5. d4 c5 6. Ne2 cxd4 7. Nexd4 Nc6 8. Bb5 Qc7 9. Bf4 Nxd4 10. Nxd4 a6 11. Bxd7+ Bxd7 12. O-O Be7 13. c3 O-O 14. Re1 b5 15.
Qd3 b4 16. cxb4 Bxb4 17. Bd2 Bxd2 18. Qxd2 Rfc8 19. Re3 Qd8 20. Rg3 Rc4 21. b3 Rc7 22. h3 Rac8 23. Kh2 g6 24. Re1 Qh4 25. Rg4 Qe7 26. Re3 Rc1 27. Rf3 Ra1 28. Qh6 Qf8 29.
Qg5 Rxa2 30. Qh4 Qg7 31. Rf6 Rd2 32. Qg5 Rd1 33. Rgf4 h6 34. Qg4 Rcc1 35. Rxf7 Qxf7 36. Rxf7 Kxf7 37. Nf3 g5 38. Nxg5+ hxg5 39. Qxg5 Rh1+ 40.
Kg3 Rhe1 41. h4 Re2 42. h5 Rcc2 43. Qf6+ Ke8 44. Qh8+ Ke7 45. Qg7+ Kd8 46. Qf8+ Kc7 47. h6 Rxf2 48. Qxf2 Rxf2 49. Kxf2 d4 50. h7 Bc6 51.
h8=Q Bd5 52. Qg7+ Kc6 53. Qf8 Kb5 54. Qd6 a5 55. g4 d3 56. Ke3 Bxb3 57. Kd2 a4 58. g5 Kc4 59. g6 Bc2 60. g7 Kb3 61. g8=Q Ka2 62. Qgb8 Bb3 63. Qdb4 Ka1 64. Qa3+ Kb1 65.
Qc7 Bc2 66. Qcc3 Bb3 67. Qab2# 1-0

[Event "*** Titled Tuesday Blitz"]
[Site "Chess.com"]
[Date "2020.04.14"]
[Round "3"]
[White "LionTheLeon_06"]
[Black "2L8IWUN"]
[Result "1-0"]
[WhiteElo "2670"]
[BlackElo "2334"]
[TimeControl "180+1"]
[EndTime "10:29:29 PDT"]
[Termination "LionTheLeon_06 won by resignation"]

1. d4 Nf6 2. c4 e6 3. Nc3 d5 4.
Nf3 Nbd7 5. Bg5 h6 6. Bh4 Be7 7. e3 O-O 8. Be2 c5 9. cxd5 Nxd5 10. Bxe7 Nxe7 11. O-O b6 12. dxc5 Nxc5 13. b4 Nd7 14. Qb3 Bb7 15. Rfd1 Nd5 16. Nb5 Qe7 17. a3 a6 18.
Nbd4 N7f6 19. Rac1 Rfc8 20. Ne5 Rxc1 21. Rxc1 Rc8 22. Rxc8+ Bxc8 23. Qc2 Bb7 24. Bf3 Qd8 25. h3 Qc8 26. Ndc6 Qc7 27. g3 Ne7 28. Nxe7+ Qxe7 29. Bxb7 Qxb7 30. Nc6 Nd5 31. e4 Ne7 32. Ne5 f6 33.
Nf3 Qc6 34. Qd3 Kf7 35. h4 a5 36. bxa5 bxa5 37. Nd4 Qc1+ 38. Kg2 Nc6 39. Nb5 Qc5 40. Nd6+ Kg8 41. Nc8 Qd4 42. Qc2 Ne5 43. h5 f5 44.
Ne7+ Kf7 45. Ng6 Nxg6 46. hxg6+ Kxg6 47. exf5+ exf5 48. Qc6+ Kf7 49. Qc7+ Kg6 50. Qxa5 Qe4+ 51. Kg1 Qb1+ 52. Kh2 Qc2 53. Qb6+ Kg5 54. Qe3+ Kg6 55. Qf4 Qc5 56. a4 Qd5 57. Qc7 Qf3 58. Qb6+ Kh7 59. Qd4 h5 60. a5 Qc6 61. Qb6 Qf3 62. a6 h4 63. gxh4 Qg4 64. Qe3 Qxh4+ 65. Qh3 Qxh3+ 66.
Kxh3 1-0

[Event "*** Titled Tuesday Blitz"]
[Site "Chess.com"]
[Date "2020.04.14"]
[Round "3"]
[White "mbojan"]
[Black "mc4chess"]
[Result "1-0"]
[WhiteElo "2590"]
[BlackElo "2366"]
[TimeControl "180+1"]
[EndTime "10:29:30 PDT"]
[Termination "mbojan won by checkmate"]

1. e4 c5 2. Nf3 e6 3. d4 cxd4 4. Nxd4 a6 5. c4 Nf6 6. Nc3 Qc7 7. Be2 Nc6 8. O-O Be7 9. Nxc6 dxc6 10. Be3 e5 11. c5 O-O 12. f3 Be6 13. Qc2 Rad8 14. Rfd1 Qa5 15. Na4 Nd7 16. b3 h6 17. Rd2 Nf6 18.
Rad1 Rxd2 19. Qxd2 Qxd2 20. Rxd2 Rd8 21. Rxd8+ Bxd8 22. Kf2 Kf8 23. Ke1 Ke7 24. Kd2 Ba5+ 25. Kc2 Nd7 26.
a3 Bc7 27. Nb2 f5 28. Bc4 fxe4 29. Bxe6 Kxe6 30. fxe4 Nf6 31. Kd3 Ng4 32. Bg1 Bd8 33. h3 Nf6 34. Nc4 Nh5 35. Be3 Bc7 36. b4 Nf4+ 37.
Bxf4 exf4 38. Ke2 h5 39. h4 Bd8 40. Kf3 Bxh4 41. Kxf4 Bd8 42. e5 g5+ 43. Ke4 g4 44. Nd6 b6 45. cxb6 Bxb6 46. Nf5 c5 47. Ng7+ Kf7 48.
Nxh5 cxb4 49. axb4 a5 50. bxa5 Bxa5 51. Kf5 Bc7 52.
g3 Ke7 53. Nf4 Bb8 54. Nd5+ Kf7 55. Ne3 Bc7 56. Nxg4 Ke7 57. Nf6 Ba5 58. g4 Bd2 59. g5 Kf7 60. g6+ Kg7 61. e6 Bb4 62. Nd5 Bd6 63.
e7 Bxe7 64. Nxe7 Kh8 65. Nc6 Kg7 66. Nb4 Kh8 67. Na2 Kg7 68. Nc3 Kh8 69. Nb1 Kg7 70. Nd2 Kh8 71. Nf1 Kg7 72. Ne3 Kh8 73. Ng2 Kg7 74.
Nf4 Kh8 75. Nh3 Kg7 76. Nf2 Kh8 77. Nh1 Kg7 78. Ng3 Kh8 79. Kf6 Kg8 80. Nf5 Kh8 81.
g7+ Kg8 82. Ne7+ Kh7 83. g8=Q+ Kh6 84. Qg6# 1-0

[Event "*** Titled Tuesday Blitz"]
[Site "Chess.com"]
[Date "2020.04.14"]
[Round "3"]
[White "matiss90"]
[Black "AlanZhang"]
[Result "0-1"]
[WhiteElo "2494"]
[BlackElo "2179"]
[TimeControl "180+1"]
[EndTime "10:29:31 PDT"]
[Termination "AlanZhang won by checkmate"]

1. e4 e5 2. Nf3 Nc6 3. Bb5 a6 4. Ba4 Nf6 5. d3 b5 6. Bb3 Be7 7. O-O d6 8. c3 O-O 9. Nbd2 Na5 10. Bc2 c5 11. Re1 Qc7 12. Nf1 Bd7 13. Ne3 h6 14. h3 Rfe8 15. Nh2 Bf8 16. Nhg4 Nxg4 17.
hxg4 Bc6 18. Nf5 d5 19. Qf3 dxe4 20. dxe4 Nc4 21. g5 hxg5 22. Bxg5 Nd6 23. g4 f6 24.
Bh4 Rad8 25. Kg2 Nxf5 26. gxf5 Rd2 27. Re2 Red8 28. Kh2 Qb7 29. Qe3 Qd7 30. Rae1 Rxe2 31. Qxe2 Qd2 32. a4 c4 33. a5 Qxe2 34. Rxe2 b4 35. f3 b3 36. Bb1 Rd1 37. Re1 Rd2+ 38. Kg3 Rxb2 39. Kg4 Bc5 40. Bg3 Rg2 41. Kh3 Rg1 42.
Rxg1 Bxg1 43. Kg2 Bc5 44. Kf1 Kf7 45. Ke2 Bd6 46. Bf2 Bc7 47. Bb6 Bxb6 48. axb6 Ke7 49. Ke3 Kd6 50. f4 Kc5 51. fxe5 fxe5 52. Kf3 Kxb6 53.
Kg4 a5 54. Kg5 Be8 55. f6 gxf6+ 56. Kxf6 a4 57. Kxe5 a3 58. Kd4 a2 59. Bxa2 bxa2 60.
Kxc4 a1=Q 61. e5 Qa4+ 62. Kd3 Bg6+ 63. Kd2 Qc2+ 64. Ke3 Kc5 65. Kf4 Qe4+ 66. Kg5 Kd5 67. Kh6 Qf5 68. c4+ Kxe5 69. c5 Bf7 70. c6 Qg6# 0-1

[Event "*** Titled Tuesday Blitz"]
[Site "Chess.com"]
[Date "2020.04.14"]
[Round "3"]
[White "renehp"]
[Black "Gentlejimmy7"]
[Result "1-0"]
[WhiteElo "2425"]
[BlackElo "2637"]
[TimeControl "180+1"]
[EndTime "10:29:32 PDT"]
[Termination "renehp won on time"]

1. e4 c5 2. Nf3 Nc6 3. d4 cxd4 4. Nxd4 Nf6 5. Nc3 e6 6. Ndb5 Bc5 7. Bf4 O-O 8. Bd6 Qb6 9. Bxc5 Qxc5 10. Qd6 Qb6 11. a4 a6 12. a5 Qd8 13. Nc7 Ne8 14. Nxe8 Qxe8 15. Bd3 Qe7 16. Qxe7 Nxe7 17. Rd1 d6 18. Bc4 Rd8 19. Ke2 Rb8 20. Rd2 b5 21. axb6 Rxb6 22. Bb3 Bb7 23. Rhd1 Nc8 24. f4 Kf8 25. f5 Ke7 26. fxe6 fxe6 27. Rf1 Rb4 28. Ke3 Rf8 29. Rxf8 Kxf8 30. Bxe6 Rxb2 31. Bb3 Ke7 32. Rd1 Bc6 33. Kd2 Nb6 34. Kc1 Rxb3 35. cxb3 Nd7 36. Nd5+ Ke6 37. Nc7+ Ke5 38. Nxa6 Bxe4 39. b4 Nb6 40. Nc7 g6 41. Kb2 Bxg2 42. Kc3 Be4 43. b5 d5 44. Kb4 d4 45. Na6 Nd5+ 46. Kc5 d3 47. b6 Nxb6 48.
Kxb6 Kd4 49. Nc5 Bf5 50. Rc1 d2 51. Nb3+ Kd3 52. Rd1 Kc2 53. Rxd2+ Kxb3 54. Kc5 Kc3 55. Rd6 Bd3 56. Kd5 Kd2 57. Ke5 Ke3 58. Rf6 Bf5 59. Rf7 h5 60. h4 Kf3 61. Ra7 Kg4 62.
Ra4+ Kg3 63. Kf6 Bg4 64. Kg5 Bf5 65. Ra3+ Kf2 66. Kf4 1-0

[Event "*** Titled Tuesday Blitz"]
[Site "Chess.com"]
[Date "2020.04.14"]
[Round "3"]
[White "MikeSailer"]
[Black "kagg1125"]
[Result "0-1"]
[WhiteElo "2117"]
[BlackElo "2510"]
[TimeControl "180+1"]
[EndTime "10:29:32 PDT"]
[Termination "kagg1125 won by resignation"]

1. d4 Nf6 2. Bf4 g6 3. e3 Bg7 4.
Nf3 O-O 5. Be2 d5 6. O-O c5 7. c3 Nc6 8. Nbd2 Qb6 9. Qb3 c4 10.
Qa3 Bf5 11. Ne5 Rfe8 12. Nxc6 Qxc6 13. Be5 Nd7 14. Bxg7 Kxg7 15. Rac1 b5 16. b3 e5 17.
bxc4 bxc4 18. Nf3 Bg4 19. dxe5 Bxf3 20. Bxf3 Nxe5 21. Be2 a6 22. Qa5 Rab8 23. Rb1 Nd7 24. Bf3 Rb5 25. Qa3 Reb8 26. Rbd1 Ne5 27. Be2 Rb2 28.
Rfe1 Qf6 29. f4 Qb6 30. fxe5 Qxe3+ 31. Kh1 Rxe2 32. Rxe2 Qxe2 33. Rg1 Qxe5 34. Qxa6 Qxc3 35. Rf1 Qe5 36. a4 Re8 37. a5 Re6 38. Qb7 Re7 39. Qb6 c3 40. a6 Qe2 41. Qf6+ Kg8 42. Rg1 Qe6 43. Qxc3 Qxa6 44. Qd4 Qe6 45. h3 Qe5 46. Qd3 Kg7 47. Rd1 Rd7 48. Qd2 d4 49. Qd3 Qd5 50. Rd2 Qe6 51. Kh2 Qe5+ 52. Kh1 h5 53. Re2 Qf6 54. Re4 Rd5 55. Qe2 Rf5 56. Rxd4 Qxd4 57. Kh2 Qe5+ 58. Qxe5+ Rxe5 0-1

[Event "*** Titled Tuesday Blitz"]
[Site "Chess.com"]
[Date "2020.04.14"]
[Round "3"]
[White "donotreadit"]
[Black "Igrok3069"]
[Result "1/2-1/2"]
[WhiteElo "2730"]
[BlackElo "2557"]
[TimeControl "180+1"]
[EndTime "10:29:33 PDT"]
[Termination "Game drawn by repetition"]

1. Nf3 d5 2. b3 Bg4 3. Bb2 Nd7 4. e3 Ngf6 5. h3 Bh5 6. g4 Bg6 7. Nh4 e5 8. Nxg6 hxg6 9. d3 c6 10. Bg2 Qa5+ 11. Nd2 Ba3 12. Qc1 Bxb2 13. Qxb2 Qc7 14. g5 Nh5 15. h4 O-O-O 16. a4 f6 17. Nf3 Rhf8 18. O-O-O Nc5 19. Bh3+ Kb8 20. Bg4 Rde8 21. Qa3 Qd6 22. Kb2 Kc7 23. a5 a6 24. Rhf1 f5 25.
Bxh5 gxh5 26. Nxe5 Rxe5 27. d4 Re4 28. dxc5 Qe5+ 29. Ka2 Rxh4 30. Rh1 Rxh1 31. Rxh1 g6 32. Qb4 f4 33. Re1 Re8 34. Qd2 d4 35. e4 h4 36. f3 Rd8 37. Rg1 h3 38. Rg4 Rh8 39.
Rg1 Kb8 40. Qh2 Ka7 41. Kb1 Qxc5 42. Rh1 Qc3 43. Qxf4 Qxa5 44. Qf6 Rh4 45. Qxd4+ Qb6 46. Qd2 h2 47. f4 Qg1+ 48. Ka2 Qxh1 49. Qd4+ Kb8 50. Qd8+ Ka7 51. Qd4+ c5 52. Qxc5+ Kb8 53. Qd6+ Kc8 54. Qf8+ Kc7 55. Qc5+ Kd7 56. Qd5+ Kc7 57.
Qc5+ Kb8 58. Qd6+ Kc8 59. Qc5+ Kd7 60. Qd5+ Ke8 61. Qe6+ Kd8 62. Qd6+ Kc8 1/2-1/2

[Event "*** Titled Tuesday Blitz"]
[Site "Chess.com"]
[Date "2020.04.14"]
[Round "3"]
[White "Winehouse83"]
[Black "Fins0905"]
[Result "0-1"]
[WhiteElo "2444"]
[BlackElo "2730"]
[TimeControl "180+1"]
[EndTime "10:29:33 PDT"]
[Termination "Fins0905 won by resignation"]

1. d4 d5 2. c4 c6 3. Nc3 Nf6 4. Nf3 dxc4 5. a4 Bf5 6. Nh4 e6 7.
Nxf5 exf5 8. e3 Bb4 9. Bxc4 O-O 10. O-O Nbd7 11. Qb3 Qb6 12. Bd2 a5 13. Bd3 g6 14.
Rfd1 Rfe8 15. Bc4 Re7 16. Qc2 Kg7 17. Ne2 Bxd2 18. Rxd2 Ne4 19. Rd3 Ndf6 20. Nf4 Rae8 21. Rad1 Nd6 22. Ba2 Ng4 23. h3 Nf6 24. Rc3 Nde4 25.
Rc4 Nd5 26. Nd3 Nxf2 27. Qxf2 Nxe3 28. Rdc1 Nxc4 29. Bxc4 Re2 30. Qf4 R8e4 31. Qd6 Qxd4+ 32. Qxd4+ Rxd4 33. b3 Rd2 34. Nc5 Rf4 35. Nxb7 Rff2 36. Bf1 f4 37. Nxa5 f3 38. gxf3 Rxf3 39. Nxc6 Rg3+ 40.
Kh1 Rxb3 41. a5 Ra3 42. a6 Raa2 43. a7 h5 44. Rb1 Rdc2 45. Rb8 Ra1 46. Kg1 Rcc1 47.
a8=Q Rxf1+ 48. Kg2 Rxa8 49. Rxa8 Rc1 50. Ra6 Rc5 51. Kf3 Rc3+ 52. Ke4 Rxh3 53. Nd4 Rh4+ 54. Ke5 Rg4 55. Ra8 h4 56. Ra7 Rg5+ 57. Ke4 Rg1 58. Ne6+ Kf6 59. Nf4 Rg3 60. Ra6+ Kg5 61. Ra1 f5+ 62. Ke5 Re3+ 63. Kd4 Kxf4 64. Rf1+ Rf3 65. Rg1 g5 66. Rh1 h3 0-1

[Event "*** Titled Tuesday Blitz"]
[Site "Chess.com"]
[Date "2020.04.14"]
[Round "3"]
[White "IMRosen"]
[Black "anushanlv"]
[Result "0-1"]
[WhiteElo "2494"]
[BlackElo "2152"]
[TimeControl "180+1"]
[EndTime "10:29:33 PDT"]
[Termination "anushanlv won on time"]

1. d4 d5 2. Bf4 c5 3. e3 cxd4 4. exd4 Nc6 5. Nf3 Bg4 6. Bb5 e6 7. h3 Bxf3 8. Qxf3 Bd6 9. Be3 Ne7 10. c3 O-O 11. O-O Rb8 12. a4 Qc7 13. Bd3 a6 14. Nd2 b5 15. b4 e5 16. axb5 axb5 17. Qe2 exd4 18. cxd4 Bxb4 19. Rfc1 Bxd2 20. Qxd2 Qd6 21. Bf4 Qb4 22. Qxb4 Nxb4 23. Bf1 Ra8 24. Rab1 Nbc6 25.
Bd6 Rfe8 26. Bxb5 Red8 27. Bc5 f6 28. Re1 Kf7 29. Re2 Rab8 30. Kh2 Rb7 31. Bxc6 Rxb1 32. Rxe7+ Kg6 33. Re2 Rc1 34. Ba4 Kf7 35. Bc2 g6 36.
Bb3 Rd7 37. f3 Rb1 38. Ba2 Ra1 39. Kg3 h5 40. Rb2 Rc7 41. Bxd5+ Kg7 42. h4 Rd7 43. Re2 Rxd5 44. Re7+ Kg8 45. Kf4 Ra6 46. Ke4 Rd8 47.
Rb7 Re8+ 48. Kf4 Ra2 49. g3 Ra5 50. Rb6 Kg7 51. Rb7+ Kg8 52. Bb6 Rb5 53. Bc5 Rxb7 54. g4 Rd7 55. gxh5 gxh5 56. Kf5 Rc8 57. Ke6 Rdc7 58.
Bd6 Rc6 59. d5 Rc3 60. f4 Rh3 61. Be7 Rxh4 62. d6 Rxf4 63. d7 Ra8 0-1

[Event "*** Titled Tuesday Blitz"]
[Site "Chess.com"]
[Date "2020.04.14"]
[Round "3"]
[White "norwaytoadog"]
[Black "GracefulYear"]
[Result "0-1"]
[WhiteElo "2245"]
[BlackElo "2687"]
[TimeControl "180+1"]
[EndTime "10:29:35 PDT"]
[Termination "GracefulYear won on time"]

1. e4 c6 2. d4 d5 3. e5 Bf5 4.
Nf3 e6 5. Be2 c5 6. Be3 Nc6 7.
dxc5 Qa5+ 8. c3 Qc7 9. Bb5 Ne7 10. Nd4 Qxe5 11. O-O a6 12. Ba4 Rc8 13. Re1 Qf6 14.
Qd2 h6 15. b4 Ng6 16. Nxf5 Qxf5 17. Bc2 Qf6 18. Bd4 Qg5 19. Qxg5 hxg5 20. Bxg6 fxg6 21.
Nd2 Kf7 22. Nf3 Be7 23. a4 Bf6 24. b5 axb5 25. axb5 Nxd4 26. cxd4 Ra8 27. h3 Rhc8 28. Kf1 Ke7 29. Rxa8 Rxa8 30. Ke2 Ra2+ 31. Ke3 Ra3+ 32. Ke2 Ra2+ 33. Ke3 Ra3+ 34. Ke2 Ra4 35. Rd1 Rc4 36.
Kd3 Rb4 37. b6 Rb2 38. Ra1 Kd7 39. Ra7 Kc6 40. Nd2 Bxd4 41. Kxd4 Rxd2+ 42. Ke5 Rxf2 43. Kxe6 d4 44. Ra8 d3 45. Rc8+ Kb5 46. c6 Kxb6 47.
c7 d2 48. Rf8 Kxc7 49. Rxf2 d1=Q 50. Rf7+ Kc6 51. Rxg7 Qd5+ 52. Kf6 Qxg2 53. Rxg6 Qxh3 54. Rxg5 b5 55. Ke5 Qc3+ 56. Ke4 Qc4+ 57. Kf3 b4 58.
Rg8 Qc3+ 59. Ke2 Kb5 60. Rb8+ Ka4 61. Ra8+ Kb3 62. Kd1 Qc2+ 63. Ke1 Kb2 64. Rb8 b3 0-1

[Event "*** Titled Tuesday Blitz"]
[Site "Chess.com"]
[Date "2020.04.14"]
[Round "3"]
[White "Justinz"]
[Black "NastaJ"]
[Result "1-0"]
[WhiteElo "2280"]
[BlackElo "1938"]
[TimeControl "180+1"]
[EndTime "10:29:37 PDT"]
[Termination "Justinz won on time"]

1. e4 c6 2. d4 d5 3. e5 Bf5 4. h4 h5 5. c4 e6 6. Nc3 Ne7 7. Nge2 Bg6 8. Bg5 Qa5 9. Nf4 Nf5 10. cxd5 cxd5 11. Rc1 Nc6 12. Bb5 Bb4 13. O-O Bxc3 14. Bxc6+ bxc6 15. bxc3 Qxa2 16. Qf3 O-O 17. Nxh5 Bxh5 18.
Qxh5 Rfe8 19. g4 Ne7 20. f4 Qe2 21. f5 exf5 22. Bxe7 Rxe7 23. Qxf5 Qe3+ 24. Kg2 a5 25. Rc2 a4 26. Rf3 Qh6 27. Rff2 Qxh4 28. Rc1 Qh7 29. Qg5 Qe4+ 30. Kg3 Rea7 31. Rcf1 a3 32. Rf4 Qe3+ 33. R1f3 Qe1+ 34. Rf2 Qxc3+ 35. R2f3 Qe1+ 36.
Rf2 Qc3+ 37. R2f3 Qe1+ 38. Kg2 Qd2+ 39. Rf2 Qd3 40. e6 f6 41. Rxf6 Qe4+ 42. Kh2 Qxd4 43. Rf7 Rxf7 44. exf7+ Kf8 45. Qh4 Qe5+ 46. Kg2 Qe4+ 47.
Kh2 Qe5+ 48. Kh1 Qe4+ 49. Kg1 Qb1+ 50. Kh2 a2 51. Qh8+ Ke7 52. f8=Q+ Rxf8 53. Qxf8+ Ke6 54.
Qf7+ Ke5 55. Qf5+ Kd6 56. Qf8+ Kc7 57. Qe7+ Kb6 58. Qd8+ Kc5 59. Qa8 a1=Q 60. Qg8 1-0

[Event "*** Titled Tuesday Blitz"]
[Site "Chess.com"]
[Date "2020.04.14"]
[Round "3"]
[White "Ave_Mariia"]
[Black "11kevin"]
[Result "0-1"]
[WhiteElo "2314"]
[BlackElo "2553"]
[TimeControl "180+1"]
[EndTime "10:29:38 PDT"]
[Termination "11kevin won on time"]

1. d4 Nf6 2. c4 e6 3. g3 d5 4.
Nf3 Be7 5. Bg2 O-O 6. O-O dxc4 7. Qc2 a6 8. a4 Bd7 9. Qxc4 Bc6 10. Nc3 Nbd7 11.
Rd1 a5 12. Bf4 Bb4 13. Ne5 Bxg2 14. Kxg2 c6 15. Rac1 Nd5 16. Nxd5 exd5 17. Qd3 Nb6 18. b3 Qe7 19. f3 Rfe8 20. Rc2 Bd6 21. Qd2 Nd7 22. Nd3 Bxf4 23. Qxf4 Ra6 24. Re1 Rb6 25. Rb2 Qa3 26. Qc7 Qe7 27. Ne5 Nxe5 28. Qxb6 Nd3 29. Rbb1 Nxe1+ 30. Rxe1 h6 31. Qxa5 Qe3 32. Qc5 Qxb3 33.
a5 Qb2 34. Kf2 Ra8 35. Qe7 Qxd4+ 36. e3 Qb2+ 37. Re2 Qb5 38. e4 d4 39. Qd7 Qc5 40. Rd2 Rxa5 41. Qe8+ Kh7 42. Qxf7 d3+ 43. Kg2 Qe3 44. Rb2 b5 45. Qf5+ Kg8 46. Qc8+ Kf7 47.
Qc7+ Kg6 48. Qxa5 Qd4 49. Qd2 c5 50. Rxb5 c4 51. Rd5 Qb6 52. Rxd3 cxd3 53. Qxd3 Qb2+ 54.
Kh3 Qe5 55. f4 Qh5+ 56. Kg2 Qa5 57. e5+ Kf7 58. Qd7+ Kg8 59. Qe8+ Kh7 60. Qc6 Qd2+ 61.
Kh3 Qe2 62. e6 h5 63. Qd5 g6 64. Qe5 Qf1+ 65. Kh4 Qf2 0-1

[Event "*** Titled Tuesday Blitz"]
[Site "Chess.com"]
[Date "2020.04.14"]
[Round "3"]
[White "Danfii"]
[Black "Shivagami"]
[Result "0-1"]
[WhiteElo "2320"]
[BlackElo "2135"]
[TimeControl "180+1"]
[EndTime "10:29:38 PDT"]
[Termination "Shivagami won by resignation"]

1. e4 c5 2. Nf3 d6 3. d4 cxd4 4. Nxd4 Nf6 5. Nc3 a6 6. Be3 e5 7. Nb3 Be7 8. h3 Be6 9. f4 exf4 10. Bxf4 Nc6 11. Qe2 d5 12. O-O-O d4 13. e5 Nd5 14. Nxd5 Qxd5 15. Be3 Qxe5 16. Bxd4 Qxe2 17. Bxe2 Nxd4 18. Nxd4 Bd7 19. Bf3 O-O-O 20. Rhe1 Bf6 21. Nb3 Kb8 22. Nc5 Bc8 23. c3 Ka7 24. Ne4 Be7 25. g4 Be6 26. b3 Rhe8 27. Rxd8 Rxd8 28. Rd1 Ba3+ 29. Kc2 Rxd1 30. Kxd1 Be7 31. Kd2 f5 32. gxf5 Bxf5 33. Ng3 Bxh3 34. Nh5 Bg5+ 35. Kd3 g6 36. Ng7 Bf6 37. Ne8 Be5 38. Ke4 Bb8 39. Nf6 Bf5+ 40.
Kd5 h5 41. c4 h4 42. Ng4 g5 43. Ne3 Bd7 44. Kd4 h3 45. Nd5 h2 46. b4 g4 47.
Bg2 g3 48. Ne3 Bh3 49. Bh1 Bc7 50. c5 Bd8 51. Ke4 Bg5 52. Ng2 Bd7 53. Kf3 Bc6+ 54.
Kxg3 Bd2 55. a3 Bc1 56. Kxh2 Bxa3 57. Kg3 Bxb4 58. Kf4 Bxc5 59. Ke5 Bf2 60. Kf4 Kb6 61. Kg4 Bc5 62. Kf4 a5 0-1